 Dungeon Crawl Stone Soup version 0.25.1-2-g60ff931df9 (webtiles) character file.

Game seed: 2400841805352132736

33 Acheron the Grasshopper (level 3, -2/27 HPs)
             Began as a Draconian Wanderer on Sept 24, 2020.
             Slain by an orc
             ... wielding a +0 short sword
              (5 damage)
             ... on level 2 of the Dungeon.
             The game lasted 00:06:42 (1542 turns).

Acheron the Grasshopper (Draconian Wanderer)        Turns: 1542, Time: 00:06:42

Health: -2/27      AC:  5    Str: 15    XL:     3   Next: 12%
Magic:  3/5        EV: 12    Int: 12    God:
Gold:   50         SH:  0    Dex: 10    Spells: 3/5 levels left

rFire    . . .     SeeInvis .   h - +0 short sword
rCold    . . .     Gourm    .   (no shield)
rNeg     . . .     Faith    .   (armour unavailable)
rPois    .         Spirit   .   (helmet restricted)
rElec    .         Reflect  .   (no cloak)
rCorr    .         Harm     .   (no gloves)
MR       .....                  (no boots)
Stlth    +.........             (no amulet)
HPRegen  0.09/turn              (no ring)
MPRegen  0.09/turn              (no ring)

@: no status effects
A: unfitting armour, cold-blooded, AC +5
a: no special abilities


You were on level 2 of the Dungeon.
You were hungry.

You visited 1 branch of the dungeon, and saw 3 of its levels.

You collected 50 gold pieces.

Inventory:

Hand Weapons
 a - a +0 club
 d - a +0 whip
 h - a +0 short sword (weapon)
 k - a +0 spear
Missiles
 c - 124 stones (quivered)
Scrolls
 m - a scroll of remove curse {unknown}
Potions
 b - a potion of curing
 e - a potion of berserk rage {unknown}
 g - a potion of resistance {unknown}
 i - a potion of lignification {unknown}
 j - a potion of heal wounds {unknown}
 n - 2 potions of haste {unknown}
Comestibles
 f - 2 rations
 l - a chunk of flesh


   Skills:
 + Level 0.3 Fighting
 + Level 0.5 Short Blades
 + Level 1.1 Throwing
 + Level 2.5 Dodging
 + Level 0.1 Stealth
 + Level 1.1 Unarmed Combat
 + Level 1.5 Spellcasting
   Level 3.0 Translocations
 + Level 1.1 Fire Magic
   Level 1.0 Evocations


You had 3 spell levels left.
You knew the following spells:

 Your Spells              Type           Power        Failure   Level  Hunger
a - Foxfire               Conj/Fire      #...         22%         1    ##.....
b - Magic Dart            Conj           #...         28%         1    ##.....

Your spell library contained the following spells:

 Spells                   Type           Power        Failure   Level  Hunger
 Blink                    Tloc           N/A          13%         2    ###....
 Call Imp                 Summ           #.......     41%         2    ###....
 Slow                     Hex            #.......     41%         2    ###....
 Conjure Flame            Conj/Fire      #.......     56%         3    ####...
 Ignite Poison            Fire/Tmut/Pois #.......     58%         3    ####...
 Mephitic Cloud           Conj/Pois/Air  #.......     65%         3    ####...


Dungeon Overview and Level Annotations

Branches:
Dungeon (3/15)

Altars:
Cheibriados

Annotations:
D:2 exclusion: downstairs


Innate Abilities, Weirdness & Mutations

Your plain brown scales are hard. (AC +5)
You cannot fit into any form of body armour.
You are cold-blooded and may be slowed by cold attacks.


Message History

The magic dart hits the orc but does no damage.
The orc is severely wounded.
The orc hits you but does no damage.
Some of the chunks of flesh in your inventory have rotted away.
There is a stone staircase leading down here.
The orc closely misses you.
You climb downwards. 4 dart slugs come into view.
There is a stone staircase leading up here.
The orc barely misses you.
You climb upwards.
Level annotation: exclusion: downstairs The orc hits you with a +0 club.
* * * LOW HITPOINT WARNING * * *
The orc hits you with a +0 club.
* * * LOW HITPOINT WARNING * * *
There is a stone staircase leading down here.
The orc closely misses you. The orc hits you with a +0 short sword.
You die...

(..#####..#
#######
...........
#...oo#
.........## ..
#.###.w......
.........#####S
#o# #........
.........+
....####.#
#........
..(......#
#..#..w.#
#......##
..#.######
#..#o>#.# ######.#
..#.# #[..o...# .#
#.#.# ##..@#### #
#.#.# #...# #.#.#
#...# #.#.# #...#
#.#.### #...#
..#...########...#
#.#.#........#...#
#..[..# #####...#
#####.# #...#


You could see a worm and 3 orcs.

Vanquished Creatures
  3 dart slugs (D:1)
  2 giant cockroaches (D:1)
  4 goblins
  4 hobgoblins
  3 bats (D:1)
  A frilled lizard (D:1)
  4 kobolds
  4 rats
25 creatures vanquished.

Notes
Turn   | Place    | Note
-------+----------+-------------------------------------------
     0 | D:1      | Acheron the Draconian Wanderer began the quest for the Orb.
     0 | D:1      | Acheron set off with the following items: a +0 club, a
                  | potion of curing, a ration; and the following spells
                  | available to memorise: Blink, Foxfire, Magic Dart, Call
                  | Imp, Slow, Conjure Flame, Ignite Poison, Mephitic Cloud
     0 | D:1      | Reached XP level 1. HP: 14/14 MP: 2/2
    17 | D:1      | Learned a level 1 spell: Foxfire
    19 | D:1      | Learned a level 1 spell: Magic Dart
   251 | D:1      | Reached XP level 2. HP: 18/20 MP: 4/4
  1266 | D:2      | Found a snail-covered altar of Cheibriados.
  1329 | D:2      | Reached XP level 3. HP: 22/27 MP: 1/5
  1542 | D:2      | Slain by an orc

Illustrated notes

Levels and vault maps discovered:
D:1:      dpeg_arrival_leaves_temple_mockup, layout_loops_ring, moated_statue,
          nrook_loot_triangle
D:2:      kennysheep_six_static_rooms, layout_basic, lemuel_crystal_altar,
          serial_co_window_serial, co_window_paths_a, co_window_corner_a,
          co_window_of_opportunity_a, co_window_paths_a, co_window_corner_a,
          co_window_corner_a, co_window_corner_a, co_window_corner_a,
          co_window_of_opportunity_a, co_window_2corner, co_window_corner_b,
          co_window_corner_ca, co_window_broadway_a, glass_columns_c,
          glass_columns_b
D:3:      kennysheep_slugbush, layout_loops_ring,
          grunt_temple_overflow_magic_moments, lemuel_round_altar,
          minmay_overflow_temple_star_quad, uniq_crazy_yiuf_cottage

Skill      XL: |  1 |
---------------+----+-----
Dodging        | 2 |  2.5
Fighting       | |  0.3
Short Blades   | |  0.5
Throwing       | |  1.1
Stealth        | |  0.1
Unarmed Combat | |  1.1
Spellcasting   | |  1.5
Translocations | |  3.0
Fire Magic     | |  1.1
Evocations     | |  1.0

Action                   || total
-------------------------++-------
Melee: Short sword       ||    92
       Whip              ||     8
       Tailslap          ||     5
 Cast: Magic Dart        ||    14
  Eat: Chunk             ||     2
Armor: Skin              ||    18
Dodge: Dodged            ||    70
